 Dungeon Crawl Stone Soup version 0.16.2-12-gd0ad4c3 (webtiles) character file.

645 SlimeFever the Chopper (level 7, -2/55 HPs)
             Began as a Demonspawn Chaos Knight on Mar 17, 2016.
             Killed by divine providence
             ... invoked by an orc priest
              (15 damage)
             ... on level 4 of the Dungeon.
             The game lasted 00:32:05 (3326 turns).

SlimeFever the Chopper (Demonspawn Chaos Knight)    Turns: 3326, Time: 00:32:05

Health: -2/55      AC:  6    Str: 14    XL:     7   Next: 27%
Magic:  7/7        EV: 12    Int: 18    God:    Xom [...*..]
Gold:   163        SH:  4    Dex: 13    Spells: 0 memorised, 6 levels left

rFire  + . .     SeeInvis .     a - +0 war axe
rCold  + . .     Clarity  .     b - +2 leather armour
rNeg   . . .     SustAb   .     f - +0 buckler
rPois  +         Gourm    .     k - +1 hat
rElec  +         Spirit   .     (no cloak)
rCorr  +         Warding  .     (no gloves)
rMut   .         Stasis   .     (no boots)
MR     +....                    (no amulet)
Stlth  +.........               n - +5 ring of intelligence
                                g - ring of protection from magic

@: resistant, very slightly contaminated, somewhat resistant to hostile
enchantments, very unstealthy
A: horns 2, demonic guardian 2, spiny 1
a: Renounce Religion


You were on level 4 of the Dungeon.
You worshipped Xom.
You were a favourite toy of Xom.
You were not hungry.

You visited 1 branch of the dungeon, and saw 4 of its levels.
You also visited: Sewer.

You collected 163 gold pieces.

Inventory:

Hand weapons
 a - a +0 war axe (weapon)
 v - a +1 hand axe of chaos
Missiles
 l - 28 poisoned needles
Armour
 b - a +2 leather armour (worn)
 e - a +0 scale mail
 f - a +0 buckler (worn)
 k - a +1 hat (worn)
Jewellery
 g - a ring of protection from magic (left hand)
 n - a +5 ring of intelligence (right hand)
Magical devices
 q - a wand of paralysis (15)
 r - a wand of flame (22)
Scrolls
 x - 2 scrolls of identify
Potions
 c - a potion of curing {unknown}
 i - a potion of cancellation
 j - a potion of lignification {unknown}
 p - a potion of restore abilities {unknown}
 s - 4 potions of brilliance
 u - 2 potions of berserk rage
Comestibles
 h - 3 meat rations
 o - a royal jelly
 t - a bread ration
 w - 5 fruits


   Skills:
 + Level 4.5 Fighting
 * Level 5.0 Axes
 + Level 2.6 Armour
 + Level 3.1 Dodging
 + Level 1.2 Stealth
 * Level 2.3 Shields


You had 6 spell levels left.
You didn't know any spells.

Dungeon Overview and Level Annotations

Branches:
Dungeon (4/15)
 Temple: D:4-7

Altars:
Dithmenos
Okawaru
Ru
Xom


Innate Abilities, Weirdness & Mutations

You have a pair of horns on your head.
A demonic guardian rushes to your aid.
You are partially covered in sharp spines.


Message History

Your orc barely misses the orc.
Your orc priest invokes the aid of Xom against the orc.
The orc convulses in agony!
The orc dies!
Your orc priest dissolves into shadows!
The orc priest hits your orc with a trident.
Your orc dies!
Your orc's corpse dissolves into shadows!
The ogre hits your orc with a giant club!!
Your orc dies!
Your orc's corpse dissolves into shadows!
Zapping:
r - a wand of flame (23)
Press: ? - help, Shift-Dir - straight line, f - ogre
Aim: an ogre, wielding a giant club (severely wounded, hasn't noticed you)
The puff of flame hits the ogre.
You kill the ogre!
This wand has 22 charges left.
The orc priest invokes the aid of Beogh against you.
Something smites you!
You die...

)o.###..# #...(..# 3### #..##
##....## ## ##..# #...## . #..##
#..## ##...# ##..## ...
###....##### ##....##........
####..........####...............
#................................
..............†.@..#####.........
.........####......# ### .....
........## #.......# #..#
.o......# ##)..>...# ##..
...o...####.....#..# #...
.......###o)..####..# #..#
......###....## #..# ##..#
......#.....## ..# #..##
#....).....## ##..#


You could see an orc priest.

Vanquished Creatures
  An ogre (D:4)
  A giant frog (Sewer)
  An orc priest (D:3)
  An orc wizard (D:4)
  A worker ant (D:4)
  11 adders
  14 giant mites
  3 worms
  An adder skeleton (D:3)
  7 giant geckos (Sewer)
  11 oozes
  3 orcs
  9 ball pythons
  A bat skeleton (D:4)
  13 giant cockroaches
  9 hobgoblins
  8 kobolds
  4 bats
  A giant gecko skeleton (D:4)
  12 giant newts
  3 goblins
  4 jackals
  3 quokkas
  A quokka skeleton (D:4)
  9 rats
  A plant (D:1)
133 creatures vanquished.

Vanquished Creatures (collateral kills)
  An ogre (D:4)
  A giant frog (Sewer)
  An ooze (Sewer)
  2 orcs (D:4)
  A ball python (Sewer)
6 creatures vanquished.

Vanquished Creatures (others)
  An ice devil (D:4)
  A smoke demon (D:4)
  A quasit (Sewer)
  A white imp (Sewer)
  2 ufetubi
  3 orcs (D:4)
  A giant newt zombie (Sewer)
10 creatures vanquished.

Grand Total: 149 creatures vanquished

Notes
Turn   | Place    | Note
--------------------------------------------------------------
     0 | D:1      | SlimeFever, the Demonspawn Chaos Knight, began the quest for the Orb.
     0 | D:1      | Reached XP level 1. HP: 18/18 MP: 1/1
   290 | D:1      | Gained mutation: You have a pair of small horns on your head. [demonic ancestry]
   290 | D:1      | Reached XP level 2. HP: 21/24 MP: 2/2
   291 | D:1      | Reached skill level 1 in Dodging
   409 | D:1      | XOM: harmless Ice miscast
   505 | D:2      | Gained mutation: You are partially covered in sharp spines. [demonic ancestry]
   505 | D:2      | Reached XP level 3. HP: 20/29 MP: 3/3
   513 | D:2      | Found an iron altar of Okawaru.
   525 | D:2      | Found a shadowy altar of Dithmenos.
   527 | D:2      | Found a sacrificial altar of Ru.
  1315 | D:3      | Reached XP level 4. HP: 37/37 MP: 4/4
  1329 | D:3      | XOM: harmless Necr miscast
  1376 | D:3      | Found a glowing drain.
  1383 | Sewer    | Entered a sewer
  1473 | Sewer    | Reached skill level 4 in Fighting
  1530 | Sewer    | XOM: divination: detect items
  1540 | Sewer    | Gained mutation: A weak demonic guardian rushes to your aid. [demonic ancestry]
  1540 | Sewer    | Reached XP level 5. HP: 37/42 MP: 5/5
  1546 | Sewer    | XOM: mild Fire miscast
  1591 | Sewer    | XOM: mild Summ miscast
  1592 | Sewer    | Noticed a spatial vortex
  1632 | Sewer    | XOM: silly message
  1683 | Sewer    | Reached skill level 1 in Shields
  1738 | Sewer    | Noticed a giant frog
  1739 | Sewer    | Noticed a giant frog
  1745 | Sewer    | Killed a giant frog
  1745 | Sewer    | Gained mutation: You have a pair of horns on your head. [demonic ancestry]
  1745 | Sewer    | Reached XP level 6. HP: 18/48 MP: 6/6
  1749 | Sewer    | Killed a giant frog
  1949 | D:3      | XOM: harmless Hex miscast
  1984 | D:3      | XOM: harmless Air miscast
  2237 | D:3      | XOM: scenery: create altars
  2799 | D:4      | XOM: harmless Ice miscast
  2887 | D:4      | XOM: divination: detect items
  2969 | D:4      | Reached skill level 1 in Stealth
  2969 | D:4      | Gained mutation: A demonic guardian rushes to your aid. [demonic ancestry]
  2969 | D:4      | Reached XP level 7. HP: 52/55 MP: 7/7
  3080 | D:4      | Found an iron altar of Okawaru.
  3144 | D:4      | XOM: divination: detect items
  3299 | D:4      | Reached skill level 5 in Axes
  3316 | D:4      | XOM: cast spell 'Shadow Creatures'
  3326 | D:4      | Killed from afar by an orc priest

Action                   |  1- 3 |  4- 6 |  7- 9 || total
-------------------------+-------+-------+-------++-------
Melee: Hand axe          |   108 |   159 |       ||   267
       War axe           |       |    70 |    42 ||   112
Evoke: Wand              |       |       |     2 ||     2
  Use: Scroll            |     7 |     7 |     1 ||    15
       Potion            |       |       |     1 ||     1
 Stab: Confused          |     2 |       |       ||     2
       Paralysed         |     3 |       |       ||     3
       Distracted        |       |     2 |       ||     2
  Eat: Bread ration      |     1 |     1 |       ||     2
